 Dungeon Crawl Stone Soup version 0.26.1-11-gd32895ea62 (webtiles) character file.

Game seed: 16132518160313405276

67 Zeld the Twirler (level 4, -2/29 HPs)
             Began as an Octopode Gladiator on May 22, 2021.
             Slain by an orc (4 damage)
             ... on level 3 of the Dungeon.
             The game lasted 00:01:24 (1257 turns).

Zeld the Twirler (Octopode Gladiator)               Turns: 1257, Time: 00:01:25

Health: -2/29      AC:  1    Str: 14    XL:     4   Next: 18%
Magic:  4/4        EV: 14    Int: 10    God:
Gold:   48         SH:  0    Dex: 13    Spells: 3/3 levels left

rFire    . . .     SeeInvis .   a - +0 quarterstaff
rCold    . . .     Faith    .   (shield currently unavailable)
rNeg     . . .     Spirit   .   b - +0 hat
rPois    .         Reflect  .   (no amulet)
rElec    .         Harm     .   (no ring)
rCorr    .         Rampage  .   (no ring)
Will     .....                  (no ring)
Stlth    ++........             (no ring)
HPRegen  0.09/turn              (no ring)
MPRegen  0.09/turn              (no ring)
                                (no ring)
                                (no ring)

@: lethally poisoned (-2 -> -8)
A: almost no armour, stealthy swim, amphibious, 8 rings, constrict 8, camouflage
1, gelatinous body 1
a: no special abilities


You were on level 3 of the Dungeon.
You visited 1 branch of the dungeon, and saw 3 of its levels.

You collected 48 gold pieces.

Inventory:

Hand Weapons
 a - a +0 quarterstaff (weapon)
Missiles
 c - 3 throwing nets (quivered)
Armour
 b - a +0 hat (worn)
Jewellery
 j - an uncursed ring of poison resistance {unknown}
Scrolls
 d - a scroll of identify {unknown}
 g - 3 scrolls of teleportation
 i - 2 scrolls of noise {unknown}
 k - a scroll of remove curse {unknown}
 l - a scroll of amnesia {unknown}
 m - a scroll of fear {unknown}
 n - a scroll of fog {unknown}
Potions
 e - a potion of berserk rage {unknown}
 f - a potion of haste {unknown}
 h - a potion of curing {unknown}


   Skills:
 - Level 2.0 Fighting
 * Level 4.9 Staves
 - Level 2.0 Throwing
 - Level 3.0 Dodging


You had 3 spell levels left.
You didn't know any spells.
Your spell library was empty.

Dungeon Overview and Level Annotations

Branches:
Dungeon (3/15)

Altars:


Innate Abilities, Weirdness & Mutations

You cannot wear most types of armour.
You are very stealthy in the water. (Stealth+)
You are amphibious.
You can wear up to eight rings at the same time.
You can use your tentacles to constrict eight enemies at once.
Your skin changes colour to match your surroundings (Stealth+).
Your rubbery body absorbs attacks. (AC +1, EV +1)


Message History

You feel sick. The orc hits you with a +0 dagger.
* * * LOW HITPOINT WARNING * * *
The orc barely misses you.
An orc comes into view. It is wielding a +0 club.
The orc hits you with a +0 dagger.
* * * LOW HITPOINT WARNING * * *
You barely miss the orc.
The orc shouts!
You grab the orc. You constrict the orc. The orc hits you.
* * * LOW HITPOINT WARNING * * *
The orc misses you.
Press: ? - help, v - describe, . - travel, g - get item
Here: an orc, wielding a +0 dagger (lightly wounded, constricted by you) Item here: a +0 dagger.
The floor.
You closely miss the orc. You grab the orc.
You squeeze the orc, but do no damage. You constrict the orc. x2
* * * LOW HITPOINT WARNING * * *
You feel sick. The orc hits you.
You die...

.... o#.#...
##.#.#..#
###
.>.......
...#.......#
#.#..#.....
#..o.......
#@o# #<.#
#......!..#
##.....#.##
#.....#
#.....#
#.....#
#.....#
#######


You could see 3 orcs.

Vanquished Creatures
  4 adders
  2 dart slugs (D:1)
  A leopard gecko (D:1)
  4 bats
  A giant cockroach (D:1)
  2 goblins
  3 hobgoblins
  5 jackals (D:1)
  2 kobolds
  A rat (D:1)
25 creatures vanquished.

Notes
Turn   | Place    | Note
-------+----------+-------------------------------------------
     0 | D:1      | Zeld the Octopode Gladiator began the quest for the Orb.
     0 | D:1      | Reached XP level 1. HP: 14/14 MP: 1/1
   166 | D:1      | Reached XP level 2. HP: 15/19 MP: 2/2
   678 | D:1      | Reached skill level 4 in Staves
  1047 | D:2      | Reached XP level 3. HP: 22/24 MP: 3/3
  1251 | D:3      | Reached XP level 4. HP: 19/29 MP: 4/4
  1257 | D:3      | Slain by an orc

Illustrated notes

Levels and vault maps discovered:
D:1:      dpeg_arrival_rhombus, layout_basic
D:2:      layout_loops_cross, lemuel_crystal_altar
D:3:      layout_loops_cross, fiery_altar_vehumet, kennysheep_generic_room_7,
          uniq_robin, uniq_crazy_yiuf_cottage, uniq_terence, uniq_grinder

Skill      XL: |  1  2 |
---------------+-------+-----
Staves         | 4 |  4.9
Fighting       | |  2.0
Throwing       | |  2.0
Dodging        | |  3.0

Action                   |  1- 3 |  4- 6 || total
-------------------------+-------+-------++-------
Melee: Quarterstaff      |    47 |     7 ||    54
       Constrict         |    15 |     3 ||    18
       Tentacles         |    10 |     1 ||    11
  Use: Scroll            |     1 |       ||     1
 Stab: Sleeping          |     2 |       ||     2
Armor: Skin              |     5 |       ||     5
Dodge: Dodged            |    37 |     5 ||    42
